 Dungeon Crawl Stone Soup version 0.29-a0-962-gc8bbfd0a37 (webtiles) character file.

Game seed: 8183007121577500539

70 zeratav the Stinger (level 4, 0/27 HPs)
             Began as an Octopode Venom Mage on July 30, 2022.
             Slain by an orc
             ... wielding a +2 whip of electrocution
              (6 damage)
             ... on level 3 of the Dungeon.
             The game lasted 00:02:17 (2773 turns).

zeratav the Stinger (Octopode Venom Mage)           Turns: 2773, Time: 00:02:18

Health: 0/27       AC:  1    Str:  7    XL:     4   Next: 21%
Magic:  6/7        EV: 13    Int: 19    God:
Gold:   138        SH:  0    Dex: 12    Spells: 4/7 levels left

rFire   . . .      SeeInvis .   h - +0 short sword {short}
rCold   . . .      Faith    .   (no shield)
rNeg    . . .      Spirit   .   (helmet restricted)
rPois   .          Reflect  .   (no amulet)
rElec   .          Harm     .   (no ring)
rCorr   .          Rampage  .   (no ring)
Will    .....                   (no ring)
Stlth   ++++......              (no ring)
HPRegen 0.09/turn               (no ring)
MPRegen 0.10/turn               (no ring)
                                (no ring)
                                (no ring)

@: no status effects
A: almost no armour, amphibious, 8 rings, camouflage 1, gelatinous body 1,
(nimble swimmer 1), tentacles
a: no special abilities


You were on level 3 of the Dungeon.
You visited 1 branch of the dungeon, and saw 3 of its levels.

You collected 138 gold pieces.


Innate Abilities, Weirdness & Mutations

You cannot wear most types of armour.
You are amphibious.
You can wear up to eight rings at the same time.
Your skin changes colour to match your surroundings (Stealth+).
Your rubbery body absorbs attacks. (AC +1, EV +1)
((You are camouflaged when in or above water. (Stealth+)))
You have tentacles for arms and can constrict up to eight enemies at once.


   Skills:
 - Level 2.0 Dodging
 + Level 4.8 Stealth
 - Level 2.0 Spellcasting
 - Level 1.0 Transmutations
 + Level 4.9 Poison Magic


You had 4 spell levels left.
You knew the following spells:

 Your Spells              Type           Power      Damage    Failure   Level
a - Sting                 Tmut/Pois      52%        1d5       4%          1
b - Poisonous Vapours     Pois/Air       22%        N/A       10%         2

Your spell library contained the following spells:

 Spells                   Type           Power      Damage    Failure   Level
 Olgreb's Toxic Radiance  Pois           20%        N/A       22%         4
 Mephitic Cloud           Conj/Pois/Air  8%         N/A       26%         3
 Gell's Gravitas          Tloc           1%         N/A       45%         3
 Teleport Other           Tloc           1%         N/A       45%         3
 Airstrike                Air            0%         0-2+      86%         4
 Summon Lightning Spire   Summ/Air       1%         N/A       86%         4
 Lightning Bolt           Conj/Air       0%         1d11      99%         5
 Dispersal                Tloc           0%         N/A       100%        6

Inventory:

Hand Weapons
 h - a +0 short sword (weapon) {short}
   (You took it off a kobold on level 1 of the Dungeon)
Scrolls
 c - 6 scrolls of identify {unknown}
 e - 2 scrolls of fear {unknown}
 j - a scroll of enchant armour {unknown}
 l - a scroll of magic mapping {unknown}
Potions
 a - a potion of magic
 b - a potion of curing {unknown}
 d - a potion of heal wounds {unknown}
 f - a potion of flight {unknown}
 g - a potion of cancellation {unknown}
 i - a potion of mutation {unknown}
 k - a potion of haste {unknown}
 m - a potion of degeneration {unknown}

Dungeon Overview and Level Annotations

Branches:
Dungeon (3/15) Zot: 15221

Altars:
Elyvilon

#.##..#.#
#.###.#.# #.#
#...# #.# ##..#
#.####..#
#.......#
...####.## ##.
#..# ##@# #o#
#.....o.oo.....
#######.#o.....
......... .#.
..... ..
.>..... #. ##
.... #. ....


You could see 2 orc priests and 2 orcs.


Message History

Your magical contamination has completely faded away.
You hit the orc. You grab the orc. You squeeze the orc.
You kill the orc!
HP[+1] MP[+1]
You hit the orc. You grab the orc. You constrict the orc.
The orc closely misses you.
You hit the orc.
You kill the orc!
The orc throws a boomerang.
The boomerang closely misses you.
You closely miss the orc. You grab the orc. You constrict the orc.
The orc hits you with a +0 short sword.
* * * LOW HITPOINT WARNING * * *
HP[-4]
You take 4 damage, and now have 9/27 hp.
You hit the orc but do no damage. Your squeeze misses the orc.
You constrict the orc. The orc closely misses you.
The orc hits you with a +0 short sword.
* * * LOW HITPOINT WARNING * * *
HP[-3]
You take 3 damage, and now have 6/27 hp.
You hit the orc.
You kill the orc!
You hit the orc. Your grab misses the orc. The orc hits you with a +0 dagger.
* * * LOW HITPOINT WARNING * * *
HP[-3]
You take 3 damage, and now have 3/27 hp.
You hit the orc.
You kill the orc!
Items here: ( ))))) [ ††.
You start resting.
HP[+24] MP[+3]
Your hp is fully restored (27).
Your mp is fully restored (7).
Items here: ( ))))) [ ÷÷.
Found a stone staircase leading down.
There is a stone staircase leading down here.
Items here: ( ))))) [ ÷÷.
There is an escape hatch in the floor here.
A hobgoblin comes into view.
A hobgoblin is nearby!
You see here a scroll labelled DUDEFICL NADO.
c - 6 scrolls labelled DUDEFICL NADO (gained 1)
The helpless hobgoblin fails to defend itself.
You puncture the hobgoblin!
You kill the hobgoblin!
No target in view!
No target in view!
No target in view!
No target in view!
No target in view!
No target in view!
No target in view!
No target in view!
No target in view!
No target in view!
No target in view!
No target in view!
No target in view!
You now have 121 gold pieces (gained 12).
Found a stone staircase leading down.
m - a sapphire potion You see here a +0 ring mail.
You open the door.
There is an open door here.
You now have 129 gold pieces (gained 8).
You now have 138 gold pieces (gained 9).
Found a stone staircase leading up.
An orc comes into view.
It is wielding a +2 whip of electrocution.
An orc is nearby!
An orc is nearby!
An orc comes into view. It is wielding a +0 trident.
Found a stone staircase leading down.
The orc hits you with a +2 whip of electrocution.
You are electrocuted!
The orc shouts!
HP[-12]
You take 12 damage, and now have 15/27 hp.
MASSIVE DAMAGE!! (PAUSE)
You closely miss the orc. Your grab misses the orc.
You hear a shout! x3
The orc closely misses you. The orc hits you with a +0 trident.
* * * LOW HITPOINT WARNING * * *
An orc priest comes into view. It is wielding a +0 club.
An orc comes into view. It is wielding a +0 club.
HP[-6]
You take 6 damage, and now have 9/27 hp.
MASSIVE DAMAGE!! (PAUSE)
The orc attacks as you move away! The orc hits you with a +0 trident.
* * * LOW HITPOINT WARNING * * *
An orc priest comes into view. It is wielding a +0 short sword.
The orc completely misses you.
HP[-3]
You take 3 damage, and now have 6/27 hp.
Casting: Sting (safe; 4% risk of failure)
Confirm with . or Enter, or press ? or * to list all spells.
Aiming: Sting (safe; 4% risk of failure)
Press: ? - help, Shift-Dir - straight line, f - orc
Aim: an orc, wielding a +2 whip of electrocution and quivering boomerangs (71% to hit)
The sting hits the orc.
The orc is poisoned.
The orc hits you with a +2 whip of electrocution.
You die...

Skill      XL: |  1  2  3 |
---------------+----------+-----
Stealth        | 3 4 |  4.8
Poison Magic   | 4 |  4.9
Dodging        | |  2.0
Spellcasting   | |  2.0
Transmutations | |  1.0

Action                   |  1- 3 |  4- 6 || total
-------------------------+-------+-------++-------
Melee: Unarmed           |    13 |       ||    13
       Constrict         |    15 |     4 ||    19
       Dagger            |    16 |       ||    16
       Tentacles         |    15 |     2 ||    17
       Short sword       |    44 |    14 ||    58
 Cast: Sting             |    17 |     1 ||    18
       Poisonous Vapours |     3 |       ||     3
 Stab: Sleeping          |    16 |     1 ||    17
Armor: Skin              |     3 |       ||     3
Dodge: Dodged            |    35 |     6 ||    41

Levels and vault maps discovered:
D:1:      onia_arrival_pentagram, layout_basic
D:2:      layout_rooms, nicolae_ecumenical_lake_church, basic_altar
D:3:      layout_basic, hangedman_decor_growths

Notes
Turn   | Place    | Note
-------+----------+-------------------------------------------
     0 | D:1      | zeratav the Octopode Venom Mage began the quest for the
                  | Orb.
     0 | D:1      | Reached XP level 1. HP: 11/11 MP: 3/3
     0 | D:1      | magus.rc [v1.9.6]
   147 | D:1      | Reached skill level 3 in Stealth
   211 | D:1      | Reached skill level 4 in Poison Magic
   211 | D:1      | Reached XP level 2. HP: 8/17 MP: 1/5
   814 | D:1      | You add the spells Gell's Gravitas, Teleport Other and
                  | Dispersal to your library.
   937 | D:1      | Reached XP level 3. HP: 21/21 MP: 6/6
  1020 | D:1      | Reached skill level 4 in Stealth
  1105 | D:2      | Learned a level 2 spell: Poisonous Vapours
  1214 | D:2      | You pick up a book of Storms and begin reading...
  1214 | D:2      | You add the spells Airstrike, Summon Lightning Spire and
                  | Lightning Bolt to your library.
  1245 | D:2      | HP: 3/21 [worm (11)]
  1596 | D:2      | Found a white marble altar of Elyvilon.
  1780 | D:2      | Found a faded altar of an unknown god.
  2325 | D:3      | Reached XP level 4. HP: 20/27 MP: 3/7
  2333 | D:3      | HP: 6/27 [orc/+0 short sword (3)]
  2772 | D:3      | HP: 5/27 [orc/+0 trident (4)]
  2773 | D:3      | Slain by an orc

Vanquished Creatures
  An adder (D:3)
  A worm (D:2)
  2 dart slugs (D:1)
  6 orcs (D:3)
  5 ball pythons
  5 endoplasms
  3 goblins
  4 hobgoblins
  2 quokkas
  5 bats
  A frilled lizard (D:2)
  4 kobolds
  6 rats
45 creatures vanquished.

Table legend:
 A = Non-vault XP
 B = Vault XP
 C = Vault XP percentage of total XP
 D = Non-vault monster count
 E = Vault monster count
 F = Vault count percentage of total count
                 A         B        C        D         E       F
            +---------+---------+-------+---------+---------+-------
      Total |     100 |       0 |   0.0 |      45 |       0 |   0.0
            +---------+---------+-------+---------+---------+-------
        D:1 |      37 |       0 |   0.0 |      21 |       0 |   0.0
        D:2 |      21 |       0 |   0.0 |      11 |       0 |   0.0
        D:3 |      42 |       0 |   0.0 |      13 |       0 |   0.0
            +---------+---------+-------+---------+---------+-------

Illustrated notes

Table legend:
 A = Kills in this place as a percentage of kills in entire the game.
 B = Kills by you in this place as a percentage of kills by you in the entire game.
 C = Kills by friends in this place as a percentage of kills by friends in the entire game.
 D = Other kills in this place as a percentage of other kills in the entire game.
 E = Experience gained in this place as a percentage of experience gained in the entire game.
 F = Experience gained in this place divided by the number of levels of this place that you have seen.
                   A       B       C       D       E      F
               +-------+-------+-------+-------+-------+----------------------
         Total | 100.0 | 100.0 |   N/A |   N/A | 100.0 |  33.3
       Dungeon | 100.0 | 100.0 |   N/A |   N/A | 100.0 |  33.3
               +-------+-------+-------+-------+-------+----------------------

Table legend: (Time is in decaauts)
 A = Elapsed time spent in this place.
 B = Non-inter-level travel time spent in this place.
 C = Inter-level travel time spent in this place.
 D = Time resting spent in this place.
 E = Time spent auto-exploring this place.
 F = Levels seen in this place.
 G = Mean time per level.
                   A        B        C        D        E       F      G
               +--------+--------+--------+--------+--------+-----+--------+
         Total |   2777 |   2717 |     60 |    258 |   2113 |   3 |  925.7 |
       Dungeon |   2777 |   2717 |     60 |    258 |   2113 |   3 |  925.7 |
               +--------+--------+--------+--------+--------+-----+--------+

Top non-repeatable levels by time:
     D:1: 1100 daAuts
     D:2: 879 daAuts
     D:3: 797 daAuts
